[ AOE2 MATCH · #504756494 ]
UnrankedMagyars vs Slavs
Player's team · WIN
Rival team · LOSS
[ REPLAY ANALYSIS · EXTRACTED FROM THE RECORDED GAME ]
Feudal
8:27
Castle
19:18
Imperial
37:29
| APM avg | 71.7 |
| APM peak | 114 |
| eAPM avg | 31.6 |
| Villagers / military | 122 / 112 |
Focus
⚔️ 30.7% · 🌾 69.3%
Knight ×55 · Scout Cavalry ×33 · Monk ×10 · Cavalry Archer ×7 · Archer ×4 · Battering Ram ×2
Feudal
11:06
Castle
18:50
Imperial
37:24
| APM avg | 62.2 |
| APM peak | 108 |
| eAPM avg | 39.7 |
| Villagers / military | 137 / 120 |
Focus
⚔️ 62.8% · 🌾 37.2%
Spearman ×53 · Knight ×30 · Skirmisher ×11 · Monk ×7 · Scout Cavalry ×7 · Battering Ram ×4
Match map
Initial resources + every placement click. Lines = walls · curves = elevation contours. ◆ gold · ⬟ stone · ● berries · ✦ relic · ◌ wall gap
Your base· ✓ Closed at 19:18 · 21t walls · no gate
RaiD's base· ✓ Closed at 18:50 · 45t walls · no gate
Smoothed initial terrain · ◌ = detected wall gap · hover for details
Inputs per minute
— CNZS_Dooidy - - RaiD
Build order — CNZS_Dooidy
First 150 of 403 actions detected
| 0:01 | Create | Villager (Male) ×4 |
| 0:02 | Build | House |
| 0:02 | Build | House |
| 1:33 | Create | Villager (Male) |
| 1:55 | Build | Lumber Camp |
| 1:56 | Create | Villager (Male) |
| 2:28 | Create | Villager (Male) |
| 2:52 | Create | Villager (Male) |
| 2:52 | Create | Villager (Male) |
| 3:22 | Create | Villager (Male) |
| 3:22 | Create | Villager (Male) |
| 3:40 | Create | Villager (Male) |
| 4:00 | Build | House |
| 4:07 | Create | Villager (Male) |
| 4:28 | Create | Villager (Male) |
| 4:36 | Build | Mill |
| 4:44 | Create | Villager (Male) |
| 5:04 | Create | Villager (Male) |
| 5:47 | Research | Loom |
| 5:48 | Research | Loom |
| 6:16 | Research | Feudal Age |
| 6:16 | Research | Feudal Age |
| 7:22 | Build | Barracks |
| 7:27 | Create | Villager (Male) |
| 7:36 | Build | House |
| 8:22 | Build | Palisade Wall |
| 8:27 | Age | Feudal Age |
| 8:33 | Build | Stable |
| 8:41 | Build | Palisade Wall |
| 8:43 | Build | Palisade Wall |
| 8:46 | Research | Double-Bit Axe |
| 8:46 | Research | Double-Bit Axe |
| 8:47 | Create | Villager (Male) |
| 8:53 | Create | Villager (Male) |
| 9:03 | Build | Palisade Wall |
| 9:03 | Build | Palisade Wall |
| 9:06 | Create | Villager (Male) |
| 9:08 | Build | Palisade Wall |
| 9:11 | Build | Palisade Wall |
| 9:12 | Build | Palisade Wall |
| 9:14 | Build | Palisade Wall |
| 9:21 | Create | Scout Cavalry |
| 9:21 | Create | Scout Cavalry |
| 9:36 | Build | Farm |
| 9:38 | Build | Farm |
| 9:58 | Create | Villager (Male) |
| 10:04 | Build | Farm |
| 10:21 | Create | Villager (Male) |
| 10:28 | Build | Farm |
| 10:29 | Build | Farm |
| 10:36 | Build | House |
| 10:38 | Research | Town Watch |
| 10:39 | Research | Town Watch |
| 10:56 | Create | Villager (Male) |
| 11:13 | Create | Villager (Male) |
| 11:32 | Build | Farm |
| 11:34 | Build | Farm |
| 11:39 | Create | Villager (Male) |
| 12:01 | Build | Mining Camp |
| 12:23 | Create | Villager (Male) |
| 12:25 | Create | Villager (Male) |
| 12:29 | Build | Archery Range |
| 12:44 | Build | Farm |
| 13:05 | Create | Villager (Male) |
| 13:18 | Research | Wheelbarrow |
| 13:21 | Build | House |
| 13:23 | Build | House |
| 13:32 | Create | Archer |
| 13:39 | Create | Villager (Male) |
| 14:06 | Create | Villager (Male) |
| 14:08 | Build | House |
| 14:27 | Create | Archer |
| 14:32 | Create | Villager (Male) |
| 14:44 | Build | House |
| 14:46 | Build | House |
| 14:49 | Build | Farm |
| 15:11 | Build | Farm |
| 15:37 | Create | Villager (Male) |
| 15:43 | Build | Blacksmith |
| 16:09 | Create | Villager (Male) |
| 16:22 | Create | Archer |
| 16:34 | Build | Lumber Camp |
| 16:35 | Research | Castle Age |
| 16:40 | Build | Stable |
| 16:55 | Research | Horse Collar |
| 16:55 | Research | Horse Collar |
| 17:01 | Build | Farm |
| 17:05 | Build | House |
| 17:13 | Build | Farm |
| 17:16 | Create | Scout Cavalry |
| 17:22 | Create | Archer |
| 17:34 | Create | Scout Cavalry |
| 18:00 | Research | Bloodlines |
| 18:00 | Research | Bloodlines |
| 18:30 | Create | Scout Cavalry |
| 18:31 | Create | Scout Cavalry |
| 18:34 | Create | Scout Cavalry |
| 18:35 | Create | Villager (Male) |
| 18:38 | Build | Farm |
| 18:51 | Build | Farm |
| 19:18 | Age | Castle Age |
| 19:27 | Research | Light Cavalry (upgrade) |
| 19:27 | Research | Husbandry |
| 19:49 | Create | Villager (Male) |
| 20:07 | Create | Villager (Male) |
| 20:22 | Create | Scout Cavalry |
| 20:24 | Research | Bow Saw |
| 20:25 | Research | Bow Saw |
| 20:28 | Create | Villager (Male) |
| 20:28 | Create | Villager (Male) |
| 21:00 | Create | Scout Cavalry |
| 21:00 | Create | Scout Cavalry |
| 21:04 | Create | Villager (Male) |
| 21:17 | Build | Monastery |
| 21:20 | Create | Villager (Male) |
| 21:37 | Create | Villager (Male) |
| 21:48 | Build | Town Center |
| 21:51 | Create | Scout Cavalry |
| 21:51 | Create | Scout Cavalry |
| 22:01 | Create | Villager (Male) |
| 22:16 | Create | Villager (Male) |
| 22:19 | Create | Monk |
| 22:36 | Create | Villager (Male) |
| 22:46 | Create | Monk |
| 22:53 | Build | Siege Workshop |
| 23:00 | Create | Villager (Male) |
| 23:06 | Research | Heavy Plow |
| 23:11 | Create | Scout Cavalry |
| 23:11 | Create | Scout Cavalry |
| 23:25 | Create | Villager (Male) |
| 23:31 | Create | Villager (Male) |
| 23:48 | Create | Villager (Male) |
| 23:52 | Create | Villager (Male) |
| 23:54 | Build | Farm |
| 23:54 | Build | Farm |
| 23:54 | Build | Farm |
| 23:55 | Build | Farm |
| 23:59 | Build | Town Center |
| 24:03 | Create | Mangonel |
| 24:08 | Build | House |
| 24:11 | Build | House |
| 24:11 | Build | House |
| 24:13 | Create | Villager (Male) |
| 24:23 | Create | Villager (Male) |
| 24:38 | Build | House |
| 24:39 | Create | Villager (Male) |
| 24:50 | Research | Devotion |
| 24:51 | Create | Villager (Male) |
| 25:14 | Create | Battering Ram |
| 25:20 | Create | Villager (Male) |
Build order — RaiD
First 150 of 426 actions detected
| 0:01 | Create | Villager (Male) ×4 |
| 0:02 | Build | House |
| 0:03 | Build | House |
| 1:40 | Create | Villager (Male) |
| 1:53 | Build | Lumber Camp |
| 2:00 | Create | Villager (Male) |
| 2:01 | Create | Villager (Male) |
| 2:18 | Create | Villager (Male) |
| 2:18 | Create | Villager (Male) |
| 2:47 | Create | Villager (Male) |
| 3:05 | Create | Villager (Male) |
| 3:06 | Create | Villager (Male) |
| 3:38 | Create | Villager (Male) |
| 3:51 | Build | House |
| 3:56 | Build | House |
| 4:07 | Create | Villager (Male) |
| 4:20 | Create | Villager (Male) |
| 4:43 | Create | Villager (Male) |
| 4:48 | Build | Barracks |
| 5:13 | Create | Villager (Male) |
| 5:33 | Build | House |
| 5:41 | Create | Militia |
| 5:43 | Build | House |
| 5:44 | Build | Palisade Wall |
| 5:47 | Create | Villager (Male) |
| 6:05 | Build | Palisade Wall |
| 6:07 | Build | Palisade Wall |
| 6:09 | Create | Villager (Male) |
| 6:11 | Create | Militia |
| 6:29 | Create | Militia |
| 6:36 | Create | Villager (Male) |
| 6:47 | Build | Palisade Wall |
| 7:02 | Create | Villager (Male) |
| 7:16 | Build | Palisade Wall |
| 7:27 | Research | Loom |
| 7:38 | Build | Palisade Wall |
| 7:42 | Build | Mill |
| 7:43 | Create | Villager (Male) |
| 7:59 | Create | Villager (Male) |
| 8:48 | Build | Mining Camp |
| 8:56 | Research | Feudal Age |
| 8:56 | Research | Feudal Age |
| 8:56 | Research | Feudal Age |
| 10:25 | Create | Villager (Male) |
| 10:27 | Build | Farm |
| 10:28 | Build | Farm |
| 10:29 | Build | Farm |
| 11:06 | Age | Feudal Age |
| 11:10 | Research | Man-at-Arms (upgrade) |
| 11:10 | Research | Double-Bit Axe |
| 11:11 | Create | Spearman |
| 11:14 | Build | Farm |
| 11:17 | Research | Horse Collar |
| 11:18 | Create | Villager (Male) |
| 11:23 | Build | Farm |
| 11:26 | Build | Farm |
| 11:39 | Create | Villager (Male) |
| 11:57 | Build | Farm |
| 11:59 | Build | Farm |
| 12:00 | Create | Villager (Male) |
| 12:09 | Build | Farm |
| 12:18 | Create | Spearman |
| 12:27 | Create | Villager (Male) |
| 12:30 | Build | Farm |
| 12:33 | Build | Farm |
| 12:41 | Build | Farm |
| 12:55 | Create | Villager (Male) |
| 13:10 | Build | Mining Camp |
| 13:12 | Create | Villager (Male) |
| 13:27 | Create | Villager (Male) |
| 13:35 | Create | Villager (Male) |
| 13:47 | Create | Villager (Male) |
| 13:59 | Build | Archery Range |
| 14:04 | Research | Town Watch |
| 14:08 | Build | House |
| 14:24 | Create | Villager (Male) |
| 14:42 | Create | Villager (Male) |
| 14:51 | Create | Skirmisher |
| 15:04 | Build | Blacksmith |
| 15:08 | Create | Skirmisher |
| 15:12 | Create | Villager (Male) |
| 15:22 | Build | House |
| 15:23 | Build | House |
| 15:30 | Build | House |
| 15:31 | Build | House |
| 15:35 | Create | Skirmisher |
| 15:40 | Create | Villager (Male) |
| 15:44 | Build | Palisade Wall |
| 15:48 | Build | Palisade Wall |
| 15:59 | Build | House |
| 16:01 | Build | House |
| 16:10 | Research | Castle Age |
| 16:10 | Research | Castle Age |
| 16:17 | Create | Skirmisher |
| 16:17 | Create | Skirmisher |
| 16:37 | Build | House |
| 16:46 | Create | Skirmisher |
| 16:51 | Research | Fletching |
| 17:05 | Create | Skirmisher |
| 17:07 | Build | House |
| 17:19 | Create | Skirmisher |
| 18:13 | Create | Villager (Male) |
| 18:14 | Create | Skirmisher |
| 18:34 | Create | Skirmisher |
| 18:50 | Age | Castle Age |
| 18:54 | Build | Town Center |
| 18:59 | Build | Monastery |
| 19:04 | Research | Bodkin Arrow |
| 19:09 | Research | Padded Archer Armor |
| 19:10 | Create | Skirmisher |
| 19:14 | Create | Villager (Male) |
| 19:48 | Create | Villager (Male) |
| 19:50 | Create | Monk |
| 19:58 | Create | Villager (Male) |
| 20:03 | Build | Stable |
| 20:08 | Create | Spearman |
| 20:10 | Create | Villager (Male) |
| 20:23 | Create | Spearman |
| 20:27 | Create | Villager (Male) |
| 20:28 | Create | Villager (Male) |
| 20:30 | Create | Villager (Male) |
| 20:31 | Research | Bow Saw |
| 20:36 | Create | Villager (Male) |
| 20:46 | Build | Palisade Wall |
| 20:57 | Create | Villager (Male) |
| 21:06 | Build | Farm |
| 21:08 | Build | Farm |
| 21:09 | Create | Monk |
| 21:13 | Create | Villager (Male) |
| 21:15 | Build | Farm |
| 21:28 | Research | Light Cavalry (upgrade) |
| 21:30 | Create | Villager (Male) |
| 21:35 | Create | Villager (Male) |
| 21:37 | Build | Lumber Camp |
| 21:43 | Create | Monk |
| 21:44 | Build | Farm |
| 21:45 | Create | Villager (Male) |
| 21:55 | Create | Villager (Male) |
| 21:58 | Build | Palisade Gate |
| 22:03 | Build | Palisade Gate |
| 22:08 | Create | Monk |
| 22:18 | Build | Farm |
| 22:20 | Build | Farm |
| 22:21 | Create | Villager (Male) |
| 22:23 | Create | Villager (Male) |
| 22:35 | Create | Villager (Male) |
| 22:37 | Build | Farm |
| 22:43 | Build | House |
| 22:53 | Build | Town Center |
| 22:55 | Create | Villager (Male) |
Match timeline
| 4:48 | RaiD · first_building Barracks |
| 5:44 | RaiD · wall_segment Palisade Wall x10 |
| 6:05 | RaiD · wall_segment Palisade Wall x5 |
| 6:07 | RaiD · wall_segment Palisade Wall x10 |
| 6:47 | RaiD · wall_segment Palisade Wall x11 |
| 7:16 | RaiD · wall_segment Palisade Wall x6 |
| 7:22 | CNZS_Dooidy · first_building Barracks |
| 7:38 | RaiD · wall_segment Palisade Wall x7 |
| 8:22 | CNZS_Dooidy · wall_segment Palisade Wall x4 |
| 8:27 | CNZS_Dooidy · age_up feudal |
| 8:33 | CNZS_Dooidy · first_building Stable |
| 8:41 | CNZS_Dooidy · wall_segment Palisade Wall x3 |
| 8:43 | CNZS_Dooidy · wall_segment Palisade Wall x2 |
| 9:03 | CNZS_Dooidy · wall_segment Palisade Wall x4 |
| 9:03 | CNZS_Dooidy · wall_segment Palisade Wall x1 |
| 9:08 | CNZS_Dooidy · wall_segment Palisade Wall x1 |
| 9:11 | CNZS_Dooidy · wall_segment Palisade Wall x1 |
| 9:12 | CNZS_Dooidy · wall_segment Palisade Wall x1 |
| 9:14 | CNZS_Dooidy · wall_segment Palisade Wall x4 |
| 11:06 | RaiD · age_up feudal |
| 12:29 | CNZS_Dooidy · first_building Archery Range |
| 13:59 | RaiD · first_building Archery Range |
| 15:44 | RaiD · wall_segment Palisade Wall x1 |
| 15:48 | RaiD · wall_segment Palisade Wall x1 |
| 18:50 | RaiD · age_up castle |
| 18:59 | RaiD · first_building Monastery |
| 19:18 | CNZS_Dooidy · age_up castle |
| 20:03 | RaiD · first_building Stable |
| 20:46 | RaiD · wall_segment Palisade Wall x1 |
| 21:17 | CNZS_Dooidy · first_building Monastery |
| 22:53 | CNZS_Dooidy · first_building Siege Workshop |
| 25:43 | RaiD · wall_segment Stone Wall x1 |
| 27:13 | RaiD · wall_segment Palisade Wall x1 |
| 31:51 | RaiD · first_building Castle |
| 33:21 | CNZS_Dooidy · first_building Castle |
| 35:29 | RaiD · first_building Siege Workshop |
| 37:24 | RaiD · age_up imperial |
| 37:29 | CNZS_Dooidy · age_up imperial |
| 37:47 | CNZS_Dooidy · first_market_sell 100 wood |
| 38:20 | RaiD · wall_segment Palisade Wall x1 |
| 38:30 | RaiD · wall_segment Palisade Wall x1 |
| 40:15 | RaiD · first_market_buy 100 food |
| 40:16 | RaiD · first_market_sell 100 wood |
| 40:44 | RaiD · resign |
[ AI ANALYSIS · 1 CREDIT ]
What really happened in this match?
Wolo.gg analyzes every decision: build order, eco, micro, common mistakes by bracket. Personalized analysis on WhatsApp or Discord in 30 seconds.
Civ guide
Magyars
Perfil
Jugador #2594552